 Dungeon Crawl Stone Soup version 0.24-a0-479-g9a978d2894 (webtiles) character file.

Game seed: 7607120077983900120

521076 PgLoLo the Slayer (level 27, -5/239 HPs)
             Began as a Formicid Fighter on July 6, 2019.
             Was the Champion of Okawaru.
             Killed from afar by a hellion (40 damage)
             ... with damnation
             ... summoned by a deep elf demonologist
             ... on level 3 of the Elven Halls on July 7, 2019.
             The game lasted 03:38:32 (71688 turns).

PgLoLo the Slayer (Formicid Fighter)               Turns: 71688, Time: 03:38:33

Health: -5/239     AC: 31    Str: 39    XL:     27
Magic:  22/29      EV: 21    Int: 13    God:    Okawaru [******]
Gold:   4420       SH: 31    Dex: 17    Spells: 22/26 levels left

rFire    + . .     SeeInvis +   a - +8 battleaxe "Lalyanof" {chop, rF+}
rCold    . . .     Gourm    .   J - +0 large shield
rNeg     . . .     Faith    .   q - +3 chain mail of the Apprentice {Str+5 Int-2 Dex+5}
rPois    +         Spirit   .   (helmet unavailable)
rElec    +         Reflect  +   u - +0 cloak of Zin's Approval {*Slow rElec rPois Str+3}
rCorr    .         Harm     .   P - +0 pair of gloves of Vaffuopp {*Drain Regen+ Int+4 Dex+2}
MR       +++..                  X - +0 pair of boots {run}
Stlth    ..........             c - +2 amulet of reflection
HPRegen  0.89/turn              s - ring of protection from magic
MPRegen  0.21/turn              U - +6 ring of protection

@: heroism, finesse, quick
A: permanent stasis, dig shafts and tunnels, four strong arms, antennae 3
}: 2/15 runes: serpentine, barnacled
a: Dig, Shaft Self, Heroism, Finesse, Renounce Religion


You were on level 3 of the Elven Halls.
You worshipped Okawaru.
Okawaru was exalted by your worship.
You were not hungry.

You visited 10 branches of the dungeon, and saw 46 of its levels.
You visited 1 bazaar.
You also visited: Ice Cave.

You collected 4652 gold pieces.
You spent 232 gold pieces at shops.

Inventory:

Hand Weapons
 a - the +8 battleaxe "Lalyanof" (weapon) {chop, rF+}
   (Okawaru gifted it to you on level 4 of the Depths)

   It inflicts extra damage upon your enemies.
   It protects you from fire.
 b - a +4 shortbow of freezing
 T - the +6 glaive of Conflict {speed, rC+++ Str-2 Int+4 Dex+3}
   (You found it on level 3 of the Depths)

   Attacks with this weapon are significantly faster.
   It affects your strength (-2).
   It affects your intelligence (+4).
   It affects your dexterity (+3).
   It renders you almost immune to cold.
Missiles
 l - 57 silver javelins (quivered)
 F - 1568 arrows
Armour
 q - the +3 chain mail of the Apprentice (worn) {Str+5 Int-2 Dex+5}
   (You found it on level 13 of the Dungeon)

   It affects your strength (+5).
   It affects your intelligence (-2).
   It affects your dexterity (+5).
 u - the +0 cloak of Zin's Approval (worn) {*Slow rElec rPois Str+3}
   (You found it on level 11 of the Dungeon)

   It affects your strength (+3).
   It insulates you from electricity.
   It protects you from poison.
   It may slow you when you take damage.
 v - a +2 shield of fire resistance
 J - a +0 large shield (worn)
 P - the +0 pair of gloves of Vaffuopp (worn) {*Drain Regen+ Int+4 Dex+2}
   (Okawaru gifted it to you on level 1 of the Orcish Mines)

   It affects your intelligence (+4).
   It affects your dexterity (+2).
   It increases your rate of regeneration.
   It causes draining when unequipped.
 X - a +0 pair of boots of running (worn)
Jewellery
 c - a +2 amulet of reflection (around neck)
 s - a ring of protection from magic (left hand)
 U - a +6 ring of protection (right hand)
Wands
 m - a wand of flame (31)
 o - a wand of clouds (16)
 y - a wand of random effects (18)
 z - a wand of paralysis (14)
 E - a wand of iceblast (68)
 L - a wand of disintegration (63)
 V - a wand of enslavement (48)
Scrolls
 e - 6 scrolls of fog
 h - a scroll of enchant armour
 k - 12 scrolls of magic mapping
 p - 21 scrolls of remove curse
 r - 10 scrolls of identify
 x - 3 scrolls of summoning
 H - 4 scrolls of holy word
 I - 2 scrolls of enchant weapon
 M - 5 scrolls of silence
 Q - a scroll of brand weapon
 W - 7 scrolls of fear
Potions
 d - 2 potions of heal wounds
 i - 2 potions of ambrosia
 j - 6 potions of brilliance
 n - 15 potions of curing
 t - 7 potions of cancellation
 w - 2 potions of resistance
 A - 5 potions of might
 D - a potion of magic
 G - 3 potions of agility
 S - 3 potions of invisibility
Miscellaneous
 B - a phial of floods
 C - a lamp of fire
 N - 2 phantom mirrors
 O - 2 boxes of beasts
 Z - a lightning rod (4/4)
Comestibles
 f - 66 rations
 g - 15 chunks of flesh


   Skills:
 * Level 24.3(27) Fighting
 * Level 23.8(27) Axes
 + Level 18.4(23.4) Armour
 - Level 10.0(15.0) Dodging
 + Level 19.7(24.7) Shields
 - Level 8.0 Invocations
 - Level 8.0 Evocations


You had 22 spell levels left.
You knew the following spells:

 Your Spells              Type           Power        Failure   Level  Hunger
a - Passage of Golubria   Tloc           N/A          99%         4    #####..

Your spell library contained the following spells:

 Spells                   Type           Power        Failure   Level  Hunger
 Animate Skeleton         Necr           N/A          52%         1    ##.....
 Apportation              Tloc           #.....       52%         1    ##.....
 Confusing Touch          Hex            #.....       52%         1    ##.....
 Flame Tongue             Conj/Fire      #....        52%         1    ##.....
 Magic Dart               Conj           #...         52%         1    ##.....
 Sting                    Conj/Pois      #...         52%         1    ##.....
 Summon Small Mammal      Summ           #...         52%         1    ##.....
 Call Imp                 Summ           #.......     65%         2    ###....
 Poisonous Vapours        Pois/Air       #.....       65%         2    ###....
 Shroud of Golubria       Chrm/Tloc      #.....       65%         2    ###....
 Slow                     Hex            #.......     65%         2    ###....
 Confuse                  Hex            #.......     87%         3    ####...
 Conjure Flame            Conj/Fire      #.......     87%         3    ####...
 Gell's Gravitas          Tloc           #.........   87%         3    ####...
 Lesser Beckoning         Tloc           #.........   87%         3    ####...
 Mephitic Cloud           Conj/Pois/Air  #.......     87%         3    ####...
 Recall                   Summ/Tloc      N/A          87%         3    ####...
 Static Discharge         Conj/Air       #.......     87%         3    ####...
 Teleport Other           Tloc           #.......     87%         3    ####...
 Animate Dead             Necr           N/A          99%         4    #####..
 Cause Fear               Hex            #.........   99%         4    #####..
 Leda's Liquefaction      Hex/Erth       #.........   99%         4    #####..
 Olgreb's Toxic Radiance  Pois           #.......     99%         4    #####..
 Petrify                  Tmut/Erth      #.......     99%         4    #####..
 Bolt of Magma            Conj/Fire/Erth #.........   100%        5    ######.
 Borgnjor's Vile Clutch   Necr/Erth      #.........   100%        5    ######.
 Lightning Bolt           Conj/Air       #.........   100%        5    ######.
 Metabolic Englaciation   Hex/Ice        #.........   100%        5    ######.
 Venom Bolt               Conj/Pois      #.........   100%        5    ######.
 Yara's Violent Unravell  Hex/Tmut       #.........   100%        5    ######.
 Bolt of Fire             Conj/Fire      #.........   100%        6    #######
 Death Channel            Necr           #.........   100%        6    #######
 Freezing Cloud           Conj/Ice/Air   #.........   100%        6    #######
 Iron Shot                Conj/Erth      #.........   100%        6    #######
 Simulacrum               Ice/Necr       #.........   100%        6    #######
 Statue Form              Tmut/Erth      #........    100%        6    #######
 Dragon Form              Tmut           #.........   100%        7    #######
 Haunt                    Necr/Summ      #.........   100%        7    #######
 Ring of Flames           Chrm/Fire      #.........   100%        7    #######
 Borgnjor's Revivificati  Necr           #.........   100%        8    #######
 Death's Door             Chrm/Necr      #.........   100%        8    #######
 Ignition                 Fire           #.........   100%        8    #######
 Infestation              Necr           #.........   100%        8    #######
 Necromutation            Tmut/Necr      #.........   100%        8    #######
 Dragon's Call            Summ           #.........   100%        9    #######
 Shatter                  Erth           #.........   100%        9    #######
 Tornado                  Air            #.........   100%        9    #######
 Blink                    Tloc           Unusable     N/A         2    N/A

Dungeon Overview and Level Annotations

Branches:
Dungeon (15/15)            Temple (1/1) D:5            Lair (6/6) D:9
 Shoals (4/4) Lair:3        Snake (4/4) Lair:2        Slime (2/5) Lair:5
    Orc (2/2) D:11            Elf (3/3) Orc:2        Vaults (4/5) D:13
  Crypt (0/3) Vaults:2     Depths (5/5) D:15            Zot (0/5) Depths:5

Altars:
Ashenzari
Cheibriados
Dithmenos
Elyvilon
Fedhas
Gozag
Hepliaklqana
Kikubaaqudgha
Makhleb
Nemelex Xobeh
Okawaru
Qazlal
Ru
Sif Muna
Trog
Uskayaw
Vehumet
Wu Jian
Xom
Yredelemnul
Zin
The Shining One
Beogh
Jiyva

Shops:
D:8 =   D:9 [   D:13 =   D:15 :   Orc:2 (!?!   Shoals:4 *   Vaults:3 (
Depths:1 %}

Portals:
Hell: Depths:1 Depths:2 Depths:3 Depths:4 Depths:5
Abyss: Depths:4
Pandemonium: Depths:3
Ziggurat: Depths:5
Trove: Depths:1 (give 12 potions of heal wounds)

Annotations:
Orc:2 exclusion: 2 doors
Depths:1 exclusion: downstairs
Depths:3 3 runed translucent doors, MummyMadness's ghost, veteran VSAs
Depths:4 2 transporters


Innate Abilities, Weirdness & Mutations

You cannot be hasted, slowed, berserked, paralysed or teleported.
You can dig through walls and to a lower floor.
Your four strong arms can wield two-handed weapons with a shield.
You have a pair of large antennae on your head. (SInv)


Message History

The deep elf master archer wields a +0 longbow.
The deep elf master archer shoots an arrow.
You reflect the arrow off an invisible shield around you!
The arrow closely misses the deep elf master archer.
The arrow hits the deep elf annihilator!!
The deep elf annihilator dies!
You hit the Tzitzimitl but do no damage.
The Tzitzimitl is almost dead.
You miss the deep elf master archer.
You cut the deep elf elementalist into ribbons!!!
You kill the deep elf elementalist!
Okawaru accepts your kill.
The hellwing disappears in a puff of smoke!
The deep elf demonologist casts a spell.
You slice the Tzitzimitl like a ripe choko!!!
You kill the Tzitzimitl!
You miss the deep elf master archer. The hellion gestures at you.
The sphere of damnation explodes!
The damnation engulfs you!!!
You die...

#.......#.#
##......#.######
##.............
#...###.###### #...###.#
## # { #.......# #.
..4{{{{ ###'##### #.
.24ee########...## #.
.eee1.e(@.(#.....#######.
ees4e*e###........##.....
42.4sss{...#.......#.....
..e.e#######.......'.....
.ยง4r4{ #.(.....####..
##.. #......## ##. ##
#.....## ##. { ##...##
#.. ##'#### ##..


You could see a Brimstone Fiend, a reaper, a deep elf master archer, a deep elf
elementalist, a demonic crawler, 2 deep elf demonologists, an orange demon, a
deep elf archer, a ghostly deep elf knight (invisible), 2 deep elf high priests,
a hellwing, 3 deep elf magi, a hellion, 2 chaos spawn, 2 redbacks, a hell rat
and a battlesphere.

Vanquished Creatures
  Mara (Vaults:4)
  Sojobo (Depths:2)
  Saint Roka (Depths:4)
  2 caustic shrikes
  3 golden dragons (Depths:5)
  Nikola (Shoals:4)
  2 liches
  2 Ice Fiends (IceCv)
  Jorgrun (Shoals:1)
  2 deep elf blademasters (Elf:3)
  A titan (Vaults:4)
  A kraken (Shoals:1)
  3 sphinxes
  Frances (D:13)
  Kirke (Lair:4)
  A storm dragon (Vaults:3)
  2 shadow dragons (Depths:5)
  8 tengu reavers
  Ilsuiw (Shoals:2)
  9 nagarajas
  4 deep elf sorcerers
  3 azure jellies (Slime:1)
  4 fire giants
  9 frost giants
  A draconian scorcher (Depths:5)
  4 vault wardens
  3 deep elf elementalists
  An orc warlord (Orc:1)
  Aizul (Depths:1)
  A caustic shrike skeleton (Depths:2)
  A ghoul (Vaults:2)
  A draconian shifter (Depths:5)
  A spriggan defender (Depths:5)
  11 ironheart preservers
  18 stone giants
  4 deep elf demonologists
  17 very ugly things
  3 vampire knights (Depths:2)
  3 deep elf annihilators
  6 spark wasps
  2 purple draconians (Depths:5)
  A white draconian (Depths:5)
  2 dire elephants
  The ghost of Dyst the Fighter, a journeyman GrFi of Okawaru (Lair:3)
  10 ettins
  7 merfolk javelineers
  4 merfolk impalers
  Snorg (Orc:1)
  8 deep elf death magi
  5 fire dragons
  Erolcha (D:12)
  7 yaktaur captains
  Fannar (D:10)
  12 vault guards
  4 great orbs of eyes
  9 ice dragons
  5 rakshasas
  24 naga warriors
  2 spriggan air magi
  11 hydras
  9 anacondas
  4 centaur warriors
  5 merfolk avatars
  33 two-headed ogres
  3 death knights
  2 alligator snapping turtles (Shoals:4)
  4 satyrs
  4 merfolk aquamancers
  An anaconda (shapeshifter) (Vaults:2)
  Erica (Lair:2)
  A satyr (shapeshifter) (Depths:2)
  5 tengu warriors
  5 deep troll shamans
  7 deep troll earth magi
  10 ogre magi
  26 dancing weapons
  2 vampire magi
  Urug (Lair:1)
  6 death yaks
  15 naga sharpshooters
  5 orc high priests (Orc:2)
  12 shock serpents
  Sonja (Lair:4)
  5 spriggan berserkers
  A soul eater (Depths:3)
  16 deep elf knights
  A salamander mystic (Snake:3)
  4 skeletal warriors (Vaults:2)
  2 iron trolls (Depths:2)
  3 shadow wraiths
  An unseen horror (shapeshifter) (D:14)
  7 hell knights (Depths:3)
  5 flayed ghosts
  A golden dragon zombie (Depths:2)
  16 sea snakes
  7 unseen horrors
  5 glowing orange brains
  9 ironbrand convokers
  9 naga ritualists
  11 deep elf archers
  15 deep trolls
  A golden dragon skeleton (Depths:2)
  14 orc knights
  A swamp dragon (shapeshifter) (Vaults:3)
  A deep troll (shapeshifter) (Depths:2)
  A phantasmal warrior (Vaults:2)
  7 necromancers
  A shadow dragon zombie (Depths:2)
  8 wizards
  21 harpies
  59 deep elf magi
  4 wolf spiders
  11 mana vipers
  A frost giant zombie (Depths:1)
  4 oklob plants (Lair:2)
  A moth of wrath (shapeshifter) (Vaults:4)
  A fire giant zombie (Depths:1)
  9 orc sorcerers
  6 fauns
  33 ugly things
  16 manticores
  9 cyclopes
  A salamander (shapeshifter) (Depths:5)
  A rust devil (Depths:1)
  Maurice (Orc:1)
  19 naga magi
  13 salamanders
  14 merfolk sirens
  2 guardian serpents (Snake:3)
  A titan simulacrum (Depths:2)
  43 black mambas
  9 vault sentinels
  6 water nymphs
  3 ice statues
  5 elephants
  A guardian serpent (shapeshifter) (Vaults:4)
  A spiny frog (shapeshifter) (D:13)
  9 spiny frogs
  4 torpor snails
  A small abomination (Elf:3)
  2 gargoyles
  2 kobold demonologists
  6 rime drakes
  26 yaktaurs
  A hellwing (Depths:3)
  11 komodo dragons
  15 ice devils
  5 freezing wraiths
  5 tengu conjurers
  10 trolls
  3 polar bears
  A harpy zombie (D:15)
  3 red devils
  A jumping spider (shapeshifter) (Depths:3)
  A harpy skeleton (D:15)
  28 merfolk
  6 hornets
  Prince Ribbit (D:4)
  A shadow dragon simulacrum (Vaults:3)
  An ettin zombie (Vaults:1)
  2 raiju (shapeshifter)
  5 wind drakes
  14 blink frogs
  44 slime creatures
  13 hippogriffs
  10 snapping turtles
  A meliai zombie (D:13)
  Grinder (D:5)
  A spriggan zombie (Depths:1)
  A human simulacrum (Vaults:2)
  13 dream sheep
  A spriggan (shapeshifter) (Elf:1)
  2 centaur simulacra (D:15)
  4 wraiths
  A frost giant simulacrum (Depths:2)
  A shadow (D:15)
  23 water elementals
  An air elemental (Elf:2)
  A vampire (D:13)
  3 spriggans
  7 wyverns
  53 yaks
  2 tarantellas (shapeshifter)
  3 basilisks
  4 hogs (Lair:4)
  5 fire elementals
  4 hungry ghosts
  A steam dragon (D:13)
  A vampire mosquito (D:14)
  Edmund (D:4)
  80 nagas
  9 wargs
  3 acid dragons (Vaults:1)
  A harpy simulacrum (D:15)
  A hell hound (Depths:3)
  A soldier ant (D:14)
  15 porcupines
  16 water moccasins
  A black bear (D:7)
  A floating eye (shapeshifter) (Depths:1)
  5 ice beasts
  A human zombie (Vaults:1)
  An elf zombie (Vaults:2)
  57 orc warriors
  8 boggarts (Vaults:3)
  4 phantoms
  4 eyes of draining
  An ettin simulacrum (Depths:2)
  A necrophage (D:5)
  5 sky beasts
  25 centaurs
  47 ogres
  24 wolves
  17 crocodiles
  8 big kobolds
  10 bullfrogs
  2 human skeletons
  Blork the orc (D:5)
  A wyvern zombie (D:11)
  3 earth elementals
  20 killer bees
  A scorpion (D:5)
  3 wights (D:9)
  4 electric eels
  4 howler monkeys
  6 crimson imps
  2 bullfrog zombies
  9 centaur zombies
  A quasit (D:13)
  5 jellies
  5 centaur skeletons
  11 hounds
  30 orc priests
  2 bullfrog skeletons (D:12)
  Ijyb (D:4)
  2 iguanas
  Natasha (thrice) (D:2)
  12 worker ants
  23 orc wizards
  2 hound zombies
  2 howler monkey skeletons
  A gnoll (D:7)
  18 adders
  5 shadow imps
  5 white imps (IceCv)
  5 ufetubi (IceCv)
  2 oozes
  3 adder skeletons
  3 worms (D:2)
  A dart slug (D:1)
  4 leopard geckos
  129 orcs
  3 ball pythons
  6 bats
  10 giant cockroaches
  4 goblins
  10 hobgoblins
  14 jackals
  28 kobolds
  6 quokkas
  4 frilled lizards
  A leopard gecko skeleton (D:4)
  6 rats
  2 crawling corpses (Elf:3)
  7 fungi
  24 plants
  3 tentacles (Shoals:1)
2037 creatures vanquished.

Vanquished Creatures (others)
  A deep elf master archer (Elf:3)
  A stone giant (Vaults:3)
  A deep elf annihilator (Elf:3)
  4 very ugly things (Depths:3)
  4 yaktaur captains
  A centaur warrior (Vaults:4)
  2 deep elf archers
  A necromancer (Depths:1)
  A molten gargoyle (Depths:3)
  7 yaktaurs
  A floating eye (shapeshifter) (Depths:5)
  A boggart (Vaults:3)
  5 centaurs
  A hound (D:5)
  2 orc priests
  An orc wizard (D:5)
  2 white imps (IceCv)
  5 ufetubi (IceCv)
  3 fungi
  10 plants
  5 tentacles (Shoals:1)
59 creatures vanquished.

Grand Total: 2096 creatures vanquished

Notes
Turn   | Place    | Note
-------+----------+-------------------------------------------
     0 | D:1      | PgLoLo the Formicid Fighter began the quest for the Orb.
     0 | D:1      | Reached XP level 1. HP: 18/18 MP: 1/1
   141 | D:1      | Reached XP level 2. HP: 23/24 MP: 2/2
   343 | D:1      | Reached XP level 3. HP: 28/29 MP: 3/3
   992 | D:2      | Reached XP level 4. HP: 37/37 MP: 4/4
   999 | D:2      | Reached skill level 4 in Fighting
  1227 | D:2      | Noticed Natasha
  1252 | D:2      | Killed Natasha
  1252 | D:2      | Reached XP level 5. HP: 20/43 MP: 5/5
  1253 | D:2      | Noticed Natasha
  1420 | D:2      | Killed Natasha
  2165 | D:2      | Found a glowing golden altar of the Shining One.
  2218 | D:2      | Noticed Natasha
  2231 | D:2      | Killed Natasha
  2466 | D:3      | Reached XP level 6. HP: 49/49 MP: 6/6
  3175 | D:4      | Reached skill level 5 in Fighting
  3723 | D:4      | Noticed Ijyb
  3726 | D:4      | Killed Ijyb
  3726 | D:4      | Reached XP level 7. HP: 56/56 MP: 7/7
  3727 | D:4      | Noticed Edmund
  3754 | D:4      | Killed Edmund
  3754 | D:4      | Reached skill level 5 in Shields
  4103 | D:5      | Entered Level 5 of the Dungeon
  4103 | D:5      | Noticed Prince Ribbit
  5261 | D:5      | Reached skill level 6 in Fighting
  5261 | D:5      | Reached skill level 5 in Axes
  5369 | D:5      | Found a shimmering altar of Xom.
  5380 | D:5      | Noticed Grinder
  5397 | D:5      | Killed Grinder
  5397 | D:5      | Reached skill level 5 in Armour
  5397 | D:5      | Reached XP level 8. HP: 26/65 MP: 8/8
  5708 | D:5      | Found a staircase to the Ecumenical Temple.
  5757 | Temple   | Entered the Ecumenical Temple
  5919 | Temple   | Became a worshipper of Warmaster Okawaru
  6386 | D:5      | Noticed Blork the orc
  6398 | D:5      | Killed Blork the orc
  6408 | D:5      | Reached skill level 7 in Fighting
  7288 | D:6      | Reached XP level 9. HP: 65/72 MP: 9/9
  7294 | D:6      | Reached skill level 1 in Invocations
  7356 | D:6      | Reached skill level 1 in Evocations
  7490 | D:6      | Reached * piety under Okawaru
  7787 | D:6      | Got a jewelled ring mail
  7937 | D:6      | Identified the cursed +1 ring mail of Ynipiynk {Int+3} (You
                  | found it on level 6 of the Dungeon)
  8224 | D:4      | Killed Prince Ribbit
  8428 | D:7      | Reached skill level 8 in Fighting
  8559 | D:7      | Noticed a hippogriff
  8569 | D:7      | Killed a hippogriff
  8963 | D:7      | Found an ancient bone altar of Kikubaaqudgha.
  9270 | D:7      | Reached ** piety under Okawaru
  9573 | D:7      | Reached XP level 10. HP: 82/82 MP: 12/12
  9957 | D:7      | Found a bloodstained altar of Trog.
 10495 | D:8      | Found Finocsoy's Jewellery Emporium.
 10497 | D:8      | Reached skill level 9 in Fighting
 11691 | D:8      | Reached *** piety under Okawaru
 12046 | D:9      | Found a staircase to the Lair.
 12047 | D:9      | Noticed a komodo dragon
 12093 | D:9      | Killed a komodo dragon
 12278 | D:9      | Found Qagaot's Armour Shoppe.
 12956 | D:10     | Entered Level 10 of the Dungeon
 13144 | D:10     | Reached XP level 11. HP: 76/90 MP: 14/14
 13395 | D:10     | Reached skill level 5 in Invocations
 13415 | D:10     | Reached skill level 10 in Fighting
 13898 | D:10     | Reached **** piety under Okawaru
 14435 | D:11     | Noticed a cyclops
 14891 | D:11     | Reached skill level 5 in Evocations
 14961 | D:11     | Noticed Fannar
 15222 | Lair:1   | Entered Level 1 of the Lair of Beasts
 15740 | D:9      | Reached ***** piety under Okawaru
 16265 | Lair:1   | Noticed Urug
 16294 | Lair:1   | Killed Urug
 16594 | Lair:1   | Reached skill level 11 in Fighting
 16755 | Lair:1   | Reached skill level 10 in Axes
 16909 | Lair:1   | Received a gift from Okawaru
 16996 | Lair:1   | Reached XP level 12. HP: 100/100 MP: 15/15
 17855 | Lair:2   | Noticed a death yak
 17855 | Lair:2   | Noticed a death yak
 17855 | Lair:2   | Noticed a death yak
 17858 | Lair:2   | Noticed a death yak
 17885 | Lair:1   | Killed a death yak
 18475 | D:10     | HP: 1/150 [Fannar/refrigeration (26)]
 18480 | D:10     | Killed Fannar
 18956 | D:11     | Got a slimy cloak
 18967 | D:11     | Identified the cursed +0 cloak of Zin's Approval {*Slow
                  | rElec rPois Str+3} (You found it on level 11 of the
                  | Dungeon)
 19180 | D:11     | Found a staircase to the Orcish Mines.
 19434 | D:11     | Noticed an eight-headed hydra
 19714 | D:11     | Reached skill level 12 in Fighting
 19828 | D:11     | Noticed a yaktaur captain
 20347 | D:12     | Noticed a two-headed ogre
 20366 | D:12     | Killed a two-headed ogre
 20797 | Lair:2   | Reached skill level 10 in Shields
 21359 | Lair:2   | Found a staircase to the Snake Pit.
 21514 | Lair:1   | Killed a death yak
 21514 | Lair:1   | Reached XP level 13. HP: 25/109 MP: 14/17
 22753 | Lair:2   | Received a gift from Okawaru
 22870 | Lair:2   | Noticed Erica
 22893 | Lair:2   | Killed Erica
 23144 | Lair:2   | Found the ring of Phasing {EV+8}
 23374 | Lair:2   | Noticed an eight-headed hydra
 23384 | Lair:2   | Noticed a six-headed hydra
 23704 | Lair:2   | Killed a one-headed hydra
 23759 | Lair:2   | Killed a one-headed hydra
 24170 | Lair:2   | Reached skill level 13 in Fighting
 24362 | Lair:3   | Reached skill level 1 in Dodging
 24438 | Lair:3   | Found a staircase to the Shoals.
 24987 | Lair:3   | Found a transporter.
 24989 | Lair:3   | Noticed Dyst's ghost (journeyman GrFi)
 24990 | Lair:3   | Found a transporter.
 24995 | Lair:3   | Noticed a five-headed hydra
 25738 | Lair:4   | Reached skill level 10 in Armour
 25763 | Lair:4   | Received a gift from Okawaru
 25886 | Lair:4   | Noticed a seven-headed hydra
 25893 | Lair:4   | Killed a four-headed hydra
 26550 | Lair:4   | Reached XP level 14. HP: 118/118 MP: 19/19
 26785 | Lair:5   | Noticed Kirke
 26877 | Lair:5   | Noticed Sonja
 26885 | Lair:4   | Killed Kirke
 27191 | Lair:4   | Killed Sonja
 27707 | Lair:5   | Found a staircase to the Slime Pits.
 27716 | Lair:5   | Found a viscous altar of Jiyva.
 28189 | Lair:6   | Entered Level 6 of the Lair of Beasts
 28201 | Lair:6   | Received a gift from Okawaru
 28503 | Lair:6   | Reached skill level 14 in Fighting
 28637 | Lair:6   | Noticed a dire elephant
 28654 | Lair:5   | Killed a dire elephant
 28932 | Lair:6   | Received a gift from Okawaru
 28985 | Lair:6   | Noticed a dire elephant
 28993 | Lair:6   | Killed a dire elephant
 29065 | Lair:6   | Reached XP level 15. HP: 126/126 MP: 21/21
 31952 | D:12     | Noticed Erolcha
 31967 | D:12     | Killed Erolcha
 32409 | D:13     | Noticed Frances
 32424 | D:13     | Killed Frances
 32428 | D:13     | Received a gift from Okawaru
 32678 | D:13     | Got an agate-encrusted chain mail
 32689 | D:13     | Identified the +3 chain mail of the Apprentice {Str+5 Int-2
                  | Dex+5} (You found it on level 13 of the Dungeon)
 32802 | D:13     | Found a gate to the Vaults.
 32842 | D:13     | Reached skill level 15 in Fighting
 32844 | D:13     | Reached skill level 5 in Dodging
 33810 | D:13     | Found Jeag's Jewellery Boutique.
 34172 | D:14     | Found a blossoming altar of Fedhas.
 34606 | D:14     | Received a gift from Okawaru
 34606 | D:14     | Reached XP level 16. HP: 136/136 MP: 22/22
 34625 | D:14     | Reached ****** piety under Okawaru
 34912 | D:14     | Got a crude scale mail {god gift}
 34969 | D:14     | Identified the +1 scale mail of Teureb {Int+3} (Okawaru
                  | gifted it to you on level 14 of the Dungeon)
 35002 | D:15     | Entered Level 15 of the Dungeon
 35192 | D:15     | Found Wumuh's Book Boutique.
 36216 | D:15     | Found a staircase to the Depths.
 36529 | Depths:1 | Entered Level 1 of the Depths
 36541 | Depths:1 | Noticed a frost giant
 36746 | Depths:1 | Killed a frost giant
 37017 | Orc:1    | Entered Level 1 of the Orcish Mines
 37052 | Orc:1    | Reached skill level 16 in Fighting
 37107 | Orc:1    | Noticed Snorg
 37114 | Orc:1    | Killed Snorg
 37114 | Orc:1    | Received a gift from Okawaru
 37115 | Orc:1    | Got a pair of polished gloves {god gift}
 37121 | Orc:1    | Identified the +0 pair of gloves of Vaffuopp {*Drain Regen+
                  | Int+4 Dex+2} (Okawaru gifted it to you on level 1 of the
                  | Orcish Mines)
 37342 | Orc:1    | Noticed Maurice
 37366 | Orc:1    | Killed Maurice
 37427 | Orc:2    | Entered Level 2 of the Orcish Mines
 38031 | Orc:2    | Found Rabocyclegg's Antique Weapon Shoppe.
 38048 | Orc:2    | Found Gimueg's Distillery.
 38085 | Orc:2    | Found a roughly hewn altar of Beogh.
 38373 | Orc:2    | Found a staircase to the Elven Halls.
 38436 | Orc:2    | Reached skill level 15 in Axes
 38753 | Orc:1    | Reached XP level 17. HP: 69/145 MP: 23/23
 38937 | Orc:2    | Found a roughly hewn altar of Beogh.
 38967 | Orc:2    | Found Fironof's Distillery.
 39139 | Orc:2    | Found Veaba's Magic Scroll Boutique.
 39499 | Snake:1  | Entered Level 1 of the Snake Pit
 39645 | Snake:1  | Received a gift from Okawaru
 41435 | Snake:2  | Reached skill level 17 in Fighting
 41469 | Snake:2  | Received a gift from Okawaru
 41472 | Snake:2  | Got an encrusted war axe {god gift}
 41473 | Snake:2  | Identified the +1 war axe of the Poles {drain, rElec rC-
                  | Str-3 Int+8} (Okawaru gifted it to you on level 2 of the
                  | Snake Pit)
 42642 | Snake:3  | Reached XP level 18. HP: 155/155 MP: 24/24
 42875 | Snake:3  | Received a gift from Okawaru
 43748 | Snake:4  | Entered Level 4 of the Snake Pit
 43937 | Snake:4  | Received a gift from Okawaru
 45151 | Snake:4  | Reached skill level 18 in Fighting
 45953 | Snake:4  | Received a gift from Okawaru
 45953 | Snake:4  | Reached XP level 19. HP: 163/163 MP: 25/25
 45954 | Snake:4  | Identified the +11 war axe of Pain and Death {pain, rC++
                  | Int+4} (Okawaru gifted it to you on level 4 of the Snake
                  | Pit)
 46456 | Snake:4  | Received a gift from Okawaru
 46523 | Snake:4  | Got a serpentine rune of Zot
 46839 | Lair:2   | Reached skill level 15 in Shields
 46870 | Lair:2   | Got an encrusted long sword
 46878 | Lair:2   | Identified the +6 long sword "Spiderslayer" {venom, Str+2}
                  | (You found it on level 2 of the Lair of Beasts)
 47039 | Shoals:1 | Entered Level 1 of the Shoals
 47798 | Shoals:1 | Noticed Jorgrun
 47827 | Shoals:1 | Killed Jorgrun
 48184 | Shoals:2 | Noticed Ilsuiw
 48290 | Shoals:2 | Killed Ilsuiw
 48290 | Shoals:2 | Received a gift from Okawaru
 49873 | Shoals:3 | Reached skill level 19 in Fighting
 50067 | Shoals:4 | Entered Level 4 of the Shoals
 50080 | Shoals:4 | Reached XP level 20. HP: 110/174 MP: 26/26
 50311 | Shoals:4 | Identified the +2 buckler of the End {rPois Int+4 Dex+2}
                  | (You found it on level 4 of the Shoals)
 50339 | Shoals:4 | Received a gift from Okawaru
 50340 | Shoals:4 | Got a twisted chain mail {god gift}
 51049 | Shoals:4 | Got a barnacled rune of Zot
 51088 | Shoals:4 | Found Aniovvo's Assorted Antiques.
 51350 | Shoals:4 | Noticed Nikola
 51366 | Shoals:4 | Killed Nikola
 51379 | Shoals:4 | Reached skill level 10 in Dodging
 51841 | Shoals:4 | Identified the +0 chain mail of the Elven Halls {Dex+5}
                  | (Okawaru gifted it to you on level 4 of the Shoals)
 51843 | Shoals:4 | Identified a scroll of acquirement
 52128 | Slime:1  | Entered Level 1 of the Pits of Slime
 52842 | Depths:1 | Found Ynloe's Food Shoppe.
 52906 | Depths:1 | Noticed Aizul
 52922 | Depths:1 | Killed Aizul
 52927 | Depths:1 | Received a gift from Okawaru
 53315 | Depths:1 | Reached XP level 21. HP: 134/182 MP: 27/27
 53360 | Depths:1 | Found a portal to a secret trove of treasure.
 53375 | Depths:1 | Found Innaqid's Gadget Boutique.
 53450 | Depths:1 | Received a gift from Okawaru
 53452 | Depths:1 | Reached skill level 15 in Armour
 53623 | Depths:1 | Found a gateway to Hell.
 53798 | Depths:1 | Reached skill level 20 in Fighting
 54441 | Depths:2 | Noticed a caustic shrike
 54461 | Depths:1 | Killed a caustic shrike
 55465 | Depths:2 | Received a gift from Okawaru
 55540 | Depths:2 | Noticed Sojobo
 55578 | Depths:2 | Killed Sojobo
 56415 | Depths:3 | Found a one-way gate leading to the halls of Pandemonium.
 56420 | Depths:3 | Reached XP level 22. HP: 192/192 MP: 28/28
 56507 | Depths:3 | Found a runed translucent gate.
 56507 | Depths:3 | Found a runed translucent gate.
 56507 | Depths:3 | Found a runed translucent gate.
 56507 | Depths:3 | Noticed MummyMadness's ghost (veteran VSAs)
 57852 | Depths:3 | Got a smoking glaive
 57868 | Depths:3 | Identified the +6 glaive of Conflict {speed, rC+++ Str-2
                  | Int+4 Dex+3} (You found it on level 3 of the Depths)
 58230 | Lair:3   | Killed Dyst's ghost
 58602 | Depths:3 | Reached skill level 21 in Fighting
 58907 | Depths:4 | Received a gift from Okawaru
 58917 | Depths:4 | Identified the +8 battleaxe "Lalyanof" {chop, rF+} (Okawaru
                  | gifted it to you on level 4 of the Depths)
 59011 | Depths:4 | Found a one-way gate to the infinite horrors of the Abyss.
 59407 | Depths:4 | Found a corrupted altar of Lugonu.
 59434 | Depths:4 | Noticed Saint Roka
 59476 | Depths:4 | Killed Saint Roka
 59749 | Depths:4 | Received a gift from Okawaru
 59750 | Depths:4 | Got a pair of smoking boots {god gift}
 59751 | Depths:4 | Identified the +3 pair of boots of Lofet Qemodd {Dex+3}
                  | (Okawaru gifted it to you on level 4 of the Depths)
 59908 | Depths:4 | Found a transporter.
 59917 | Depths:4 | Found a transporter.
 60049 | Depths:5 | Entered Level 5 of the Depths
 60074 | Depths:4 | HP: 7/194 [frost giant/bolt of cold (70)]
 60441 | Depths:5 | Noticed a golden dragon
 60519 | Depths:5 | Reached XP level 23. HP: 181/201 MP: 29/29
 60526 | Depths:5 | Killed a golden dragon
 60839 | Depths:5 | Noticed a golden dragon
 60843 | Depths:5 | Noticed a golden dragon
 60847 | Depths:5 | Killed a golden dragon
 60856 | Depths:5 | Killed a golden dragon
 61281 | Depths:5 | Found a gate to the Realm of Zot.
 61309 | Depths:5 | Found a gateway to a ziggurat.
 61614 | Depths:5 | Noticed a caustic shrike
 61629 | Depths:5 | Killed a caustic shrike
 61635 | Depths:5 | Reached skill level 22 in Fighting
 61764 | Depths:5 | Found the +3 Elemental Staff {rElec rF++ rC++ MR++ AC+5}
 62098 | Vaults:1 | Entered Level 1 of the Vaults
 62660 | Vaults:1 | Received a gift from Okawaru
 62661 | Vaults:1 | Identified the +4 robe of Ennui {Dex+3} (Okawaru gifted it
                  | to you on level 1 of the Vaults)
 62774 | Vaults:1 | Identified the +10 chain mail of Pan-Flutes {Slay+3} (You
                  | found it on level 1 of the Vaults)
 62910 | Vaults:1 | HP: 9/203 [???[an ironheart preserver] (7)]
 62912 | Vaults:1 | HP: 4/203 [???[an ironheart preserver] (2)]
 63374 | Vaults:2 | Found a flickering gateway to a bazaar.
 63424 | Bazaar   | Entered a bazaar
 63448 | Bazaar   | Found Urowk's Weapon Emporium.
 63461 | Bazaar   | Found Harun's General Store.
 63517 | Bazaar   | Found Inoforih's Magic Scroll Shoppe.
 63525 | Bazaar   | Bought a scroll of fear for 31 gold pieces
 63525 | Bazaar   | Bought a scroll of fear for 31 gold pieces
 63525 | Bazaar   | Bought a scroll of summoning for 85 gold pieces
 63525 | Bazaar   | Bought a scroll of summoning for 85 gold pieces
 63526 | Bazaar   | Found Plog's General Store.
 63768 | Vaults:2 | Reached XP level 24. HP: 212/212 MP: 29/29
 64216 | Vaults:2 | Identified the +9 quarterstaff of Gigih {drain, rElec}
 64341 | Vaults:2 | Found a staircase to the Crypt.
 64988 | Vaults:3 | Found the +7 Spriggan's Knife {stab, EV+4 Stlth+}
 65211 | Vaults:3 | Received a gift from Okawaru
 65906 | Vaults:3 | Found Muer's Antique Weapon Shop.
 65998 | Vaults:4 | Reached skill level 23 in Fighting
 66714 | Vaults:4 | Reached XP level 25. HP: 221/221 MP: 29/29
 66717 | Vaults:4 | Received a gift from Okawaru
 66725 | Vaults:4 | Identified a +0 pair of boots of running (Okawaru gifted it
                  | to you on level 4 of the Vaults)
 67510 | Vaults:4 | Noticed Mara
 67518 | Vaults:4 | Killed Mara
 68015 | Elf:1    | Entered Level 1 of the Elven Halls
 68036 | Elf:1    | Found a radiant altar of Vehumet.
 68378 | Elf:1    | Learned a level 4 spell: Passage of Golubria
 68519 | Elf:1    | Found a frozen archway.
 68530 | IceCv    | Entered an ice cave
 69376 | Elf:1    | Received a gift from Okawaru
 69377 | Elf:1    | Identified the +0 cloak of Xeyh {*Slow Str+6} (Okawaru
                  | gifted it to you on level 1 of the Elven Halls)
 70270 | Elf:2    | Found a runed translucent gate.
 70270 | Elf:2    | Found a runed translucent gate.
 70270 | Elf:2    | Found a runed translucent gate.
 70704 | Elf:2    | Reached skill level 24 in Fighting
 70841 | Elf:3    | Entered Level 3 of the Elven Halls
 70868 | Elf:3    | Reached XP level 26. HP: 231/231 MP: 29/29
 71103 | Lair:1   | Reached XP level 27. HP: 238/238 MP: 29/29
 71111 | Lair:1   | Got a pair of jewelled boots
 71112 | Lair:1   | Identified the +1 pair of boots of the Unbroken {rF- rCorr
                  | Dex+3} (You acquired it on level 1 of the Lair of Beasts)
 71688 | Elf:3    | Killed from afar by a hellion

Levels and vault maps discovered:
D:1:      scummos_arrival_simple_fountains, layout_loops_cross, chequers_jeans
D:2:      layout_loops_ring, chequers_serial_rivers_micro_c,
          nicolae_tso_swordbearing_angel, uniq_natasha
D:3:      layout_basic, first_ration
D:4:      layout_basic, minmay_misc_feat_square, uniq_edmund, uniq_ijyb
D:5:      layout_cave_pools, minmay_temple_entry_overgrown, xom_confusion_cloud,
          uniq_grinder, uniq_blork_the_orc, uniq_prince_ribbit1
D:6:      layout_basic
D:7:      layout_basic, trog_eyes_of_draining, basic_altar, grunt_ogre_cave
D:8:      layout_gridville, serial_shops, kennysheep_little_box
D:9:      layout_big_octagon, david_lair_shrubbed, serial_shops, shop,
          chequers_serial_rivers_room_a
D:10:     layout_rooms, nicolae_straight_to_the_point
D:11:     layout_basic, orc_0_dummy, evilmike_minifort, uniq_fannar
D:12:     layout_irregular_city, lemuel_flamethrower_hall, uniq_erolcha
D:13:     layout_irregular_city, lightli_vaults_fourway_checkpoint,
          serial_shops, kennysheep_mini, minmay_hollow_rounded_squares,
          uniq_frances
D:14:     minmay_the_grid_octo_tiled_squarecenter_mashed
          [minmay_the_grid_octo_empty, minmay_the_grid_octo_checkered,
          minmay_the_grid_octo_clover_2, minmay_the_grid_octo_tetromino_candy,
          minmay_the_grid_square_5x5_megaprize_diamond,
          minmay_the_grid_square_5x5_bridge,
          minmay_the_grid_square_5x5_fancy_junction,
          minmay_the_grid_square_5x5_c,
          minmay_the_grid_square_5x5_checkered_statues], layout_small_grid,
          chequers_serial_rivers_micro_b, fedhas_altar_4
D:15:     grunt_enter_depths_magical_seal, layout_loops_ring, minivault_11,
          serial_shops, nicolae_shop_waterfront, lemuel_flame_loot_1
Temple:   kilobyte_greek_temple
Lair:1:   beast_lair_carwin_large_1, layout_hall_layers, uniq_urug
Lair:2:   layout_regular_city, minmay_snake_entry_six_corridors,
          minmay_lair_oklob_chamber, grunt_megastairs_5, uniq_erica
Lair:3:   layout_hall_layers, shoals_dummy_entry, gammafunk_ghost_arena,
          beast_lair_carwin_8, infiniplex_staircase_pool
Lair:4:   layout_small_grid
Lair:5:   layout_roguey, slime_altar_1, uniq_kirke, uniq_sonja
Lair:6:   gammafunk_lair_ancient_temple, layout_cave_shapes,
          serial_bayou_lagoon_b, serial_bayou_shore_a
Shoals:1: layout_shoals, uniq_jorgrun
Shoals:2: layout_shoals, uniq_ilsuiw
Shoals:3: layout_shoals, nicolae_shoals_seven_spires
Shoals:4: shoals_end_simple, layout_shoals, shoals_ilsuiw_alternative,
          serial_shops, shop, uniq_nikola
Snake:1:  layout_layer_cave
Snake:2:  layout_honeycomb, serial_bayou_shore_b
Snake:3:  layout_gridlike
Snake:4:  minmay_snake_end_coiled, layout_cave_town
Slime:1:  layout_caves
Slime:2:  layout_caves, cheibrodos_slime_lost_civilization_7
Orc:1:    layout_diamond_mine, uniq_snorg, uniq_maurice
Orc:2:    pubby_orc_utopia, serial_shops
Elf:1:    eino_elf_arrival_altar, layout_geoelf_diagonals,
          portal_ice_cave_entry_ice_statue_one, hangedman_elf_represent,
          lemuel_flamethrower_3
Elf:2:    layout_onion_city
Elf:3:    grunt_elf_hall_branching, layout_loops_corners, nooodl_food_tri,
          roderic_lattice_octagonal_star, uniq_roxanne
Vaults:1: nicolae_vaults_network_s, nicolae_vaults_shelves_hall,
          nicolae_vaults_angled_halls, v_misc_15, v_misc_29, vaults_dpeg_spiral,
          v_rooms_2, hangedman_vaults_nodes, v_misc_1, layout_vaults_maze_bifur
Vaults:2: v_misc_27, nicolae_vaults_little_ls, nicolae_vaults_ring_of_whatevers,
          v_pattern_2, st_lattice, dpeg_vaults_monster_box,
          minmay_crypt_entry_simple_walls, layout_vaults_omnigrid, serial_shops,
          bzr_entry_gold
Vaults:3: vaults_room_fours, v_misc_27, v_rooms_5, nicolae_vaults_rhombus_6,
          ontoclasm_vaults_shuriken, hangedman_vaults_stitches,
          nicolae_vaults_stairing_the_circle, vaults_room_semicircle,
          ontoclasm_vaults_shout, vaults_mumra_hex, ontoclasm_vaults_ring_small,
          layout_vaults_omnicross, serial_shops, shop
Vaults:4: st_octagons_1, grunt_vaults_hallway_long, hangedman_vaults_cutoff,
          v_misc_32, vaults_mumra_chevron, v_misc_28, hangedman_vaults_corner,
          nicolae_vaults_mini_display_case,
          nicolae_vaults_windows_and_doors_thing, v_misc_22,
          layout_vaults_chaotic_city, uniq_mara
Depths:1: layout_long_grid, enter_trove_5, grunt_hell_entry_dis_mu,
          chequers_serial_rivers_micro_e, serial_shops, shop, shop,
          minmay_fractal_squares_gapless_7, uniq_aizul
Depths:2: minmay_isolated_rectangles_in_corner, layout_gridlike,
          hangedman_geh_valley, serial_rivers, chequers_serial_rivers_room_b,
          chequers_serial_rivers_large_b, chequers_serial_rivers_small_a,
          chequers_serial_rivers_room_a, chequers_serial_rivers_micro_c,
          chequers_serial_rivers_large_a, kennysheep_nub, uniq_sojobo
Depths:3: lemuel_flame_loot_2, layout_cave_shapes, pan_entry, hellmouth_1,
          minmay_misc_feat_tiny, biasface_ghost_demon_polymorph,
          serial_bayou_shore_b, infiniplex_staircase_pool_2
Depths:4: gammafunk_corrupted_shrine, layout_gridlike, grunt_decor_mini_mirrors,
          hangedman_coc_ice_floe, abyss_entry, infiniplex_staircase_zigzag_1,
          uniq_saint_roka
Depths:5: evilmike_zot_entry_diamond, layout_cave_pools, enter_ziggurat_f,
          hell_entry, minmay_checkered_concentric_circles

Skill      XL: |  1  2  3  4  5  6  7  8  9 10 11 12 13 14 15 16 17 18 19 20 21 22 23 24 25 |
---------------+----------------------------------------------------------------------------+-----
Shields        | 4 5 6 7 9 10 11 12 13 14 15 16 17 18 19 | 19.7
Fighting       | 4 5 6 7 8 9 11 12 13 14 15 16 17 18 19 20 21 22 23 24 | 24.3
Axes           | 3 4 5 6 7 8 10 11 12 13 14 15 16 17 18 20 21 22 23 | 23.8
Armour         | 4 5 6 7 8 9 10 11 12 13 14 15 16 17 18 | 18.4
Invocations    | 3 4 5 7 8 |  8.0
Evocations     | 2 4 5 6 8 |  8.0
Dodging        | 2 3 5 6 7 8 9 10 | 10.0

Action                   |  1- 3 |  4- 6 |  7- 9 | 10-12 | 13-15 | 16-18 | 19-21 | 22-24 | 25-27 || total
-------------------------+-------+-------+-------+-------+-------+-------+-------+-------+-------++-------
Melee: War axe           |    61 |   199 |   370 |   841 |       |       |       |       |       ||  1471
       Broad axe         |       |       |       |    58 |   241 |       |       |       |       ||   299
       Battleaxe         |       |       |       |       |   575 |  1118 |    99 |   859 |   497 ||  3148
       Scimitar          |       |       |       |       |    44 |    40 |       |       |       ||    84
       Executioner's axe |       |       |       |       |       |       |   919 |   246 |       ||  1165
       Unarmed           |       |       |       |       |       |       |    12 |       |       ||    12
       Glaive            |       |       |       |       |       |       |       |       |    76 ||    76
 Fire: Shortbow          |       |       |    11 |   112 |    44 |    27 |    30 |       |       ||   224
Throw: Boomerang         |       |       |       |     5 |       |       |       |       |       ||     5
       Javelin           |       |       |       |     3 |     3 |    15 |    55 |    22 |    10 ||   108
Invok: Heroism           |       |       |       |    12 |    13 |     1 |     3 |     4 |     2 ||    35
       Finesse           |       |       |       |       |     5 |     1 |     3 |     4 |     2 ||    15
 Abil: Dig               |       |       |       |     1 |     1 |     9 |     7 |     6 |       ||    24
       Evoke Flight      |       |       |       |     1 |       |       |       |       |       ||     1
Evoke: Wand              |       |     1 |     2 |    15 |     8 |       |       |       |       ||    26
  Use: Potion            |       |       |     1 |     9 |     2 |       |     2 |     3 |     1 ||    18
       Scroll            |       |       |    14 |     5 |    11 |     6 |    10 |     7 |     5 ||    58
 Stab: Confused          |       |     2 |     2 |       |       |       |       |       |       ||     4
       Paralysed         |       |       |       |     7 |       |       |       |       |       ||     7
       Distracted        |       |       |       |       |       |       |     1 |       |     1 ||     2
  Eat: Chunk             |       |     9 |    16 |    28 |    36 |    25 |    26 |    31 |    12 ||   183
       Ration            |       |       |     1 |     4 |     2 |     4 |     3 |     1 |     1 ||    16
Armor: Scale mail        |    21 |    77 |    43 |       |       |       |       |       |       ||   141
       Chain mail        |       |       |    80 |   428 |    77 |   331 |   287 |   242 |    85 ||  1530
       Skin              |       |       |       |     7 |       |       |       |       |       ||     7
       Plate armour      |       |       |       |       |   405 |       |       |       |       ||   405
Dodge: Dodged            |    21 |    77 |   127 |   289 |   326 |   473 |   398 |   333 |    60 ||  2104
Block: Shield            |    32 |   129 |   217 |   593 |   655 |   695 |       |     5 |       ||  2326
       Large shield      |       |       |       |       |       |   271 |  1287 |  1173 |   430 ||  3161
       Reflection        |       |       |       |       |       |       |    10 |   116 |    65 ||   191
       Rpst.: Scimitar   |       |       |       |       |     4 |     4 |       |       |       ||     8

Table legend:
 A = Non-vault XP
 B = Vault XP
 C = Vault XP percentage of total XP
 D = Non-vault monster count
 E = Vault monster count
 F = Vault count percentage of total count
                 A         B        C        D         E       F
            +---------+---------+-------+---------+---------+-------
      Total |  536093 |  425496 |  44.2 |    1295 |     731 |  36.1
            +---------+---------+-------+---------+---------+-------
        D:1 |      40 |       0 |   0.0 |      17 |       0 |   0.0
        D:2 |     183 |      35 |  16.1 |      28 |       1 |   3.4
        D:3 |      91 |       0 |   0.0 |      26 |       0 |   0.0
        D:4 |     242 |     492 |  67.0 |      14 |       3 |  17.6
        D:5 |     211 |     804 |  79.2 |      14 |       9 |  39.1
        D:6 |     562 |       0 |   0.0 |      19 |       0 |   0.0
        D:7 |    1230 |     370 |  23.1 |      30 |       5 |  14.3
        D:8 |    1885 |       0 |   0.0 |      33 |       0 |   0.0
        D:9 |    2128 |     355 |  14.3 |      12 |       1 |   7.7
       D:10 |    2992 |    1867 |  38.4 |      42 |       2 |   4.5
       D:11 |    3640 |    2511 |  40.8 |      24 |      13 |  35.1
       D:12 |    3990 |    1039 |  20.7 |      25 |       1 |   3.8
       D:13 |    5607 |   14237 |  71.7 |      32 |      27 |  45.8
       D:14 |    6010 |    8813 |  59.5 |      30 |      21 |  41.2
       D:15 |   11688 |    3674 |  23.9 |      26 |       9 |  25.7
     Lair:1 |    3236 |    5590 |  63.3 |      19 |      16 |  45.7
     Lair:2 |    6981 |    5219 |  42.8 |      25 |      20 |  44.4
     Lair:3 |    2196 |    5188 |  70.3 |       9 |      15 |  62.5
     Lair:4 |    7942 |    3775 |  32.2 |      28 |       6 |  17.6
     Lair:5 |    5980 |    2259 |  27.4 |      25 |       4 |  13.8
     Lair:6 |    7864 |    8439 |  51.8 |      34 |      21 |  38.2
   Shoals:1 |   14614 |    2877 |  16.4 |      29 |       1 |   3.3
   Shoals:2 |    6766 |    4531 |  40.1 |      14 |       6 |  30.0
   Shoals:3 |   13312 |       0 |   0.0 |      30 |       0 |   0.0
   Shoals:4 |   12792 |   28876 |  69.3 |      28 |      42 |  60.0
    Snake:1 |   20253 |       0 |   0.0 |      43 |       0 |   0.0
    Snake:2 |   14463 |       0 |   0.0 |      27 |       0 |   0.0
    Snake:3 |   36396 |       0 |   0.0 |      64 |       0 |   0.0
    Snake:4 |   33279 |   25928 |  43.8 |      63 |      44 |  41.1
    Slime:1 |   10084 |       0 |   0.0 |      18 |       0 |   0.0
      Orc:1 |    1690 |    3153 |  65.1 |      35 |       3 |   7.9
      Orc:2 |       0 |   20400 | 100.0 |       0 |     150 | 100.0
      Elf:1 |    9850 |   10393 |  51.3 |      19 |      15 |  44.1
      Elf:2 |   14316 |   22405 |  61.0 |      22 |      29 |  56.9
      Elf:3 |    9946 |   24704 |  71.3 |      15 |      18 |  54.5
   Vaults:1 |   24869 |   14828 |  37.4 |      45 |      27 |  37.5
   Vaults:2 |   19452 |   17136 |  46.8 |      33 |      30 |  47.6
   Vaults:3 |   17439 |   29421 |  62.8 |      31 |      43 |  58.1
   Vaults:4 |   36494 |   51009 |  58.3 |      56 |      47 |  45.6
   Depths:1 |   29267 |   20833 |  41.6 |      41 |      16 |  28.1
   Depths:2 |   37734 |   29082 |  43.5 |      45 |      20 |  30.8
   Depths:3 |   24132 |    4519 |  15.8 |      35 |       7 |  16.7
   Depths:4 |   42057 |    7696 |  15.5 |      52 |      16 |  23.5
   Depths:5 |   32190 |   31297 |  49.3 |      38 |      15 |  28.3
      IceCv |       0 |   11741 | 100.0 |       0 |      28 | 100.0
            +---------+---------+-------+---------+---------+-------
